 Dungeon Crawl Stone Soup version 0.31-a0-175-g9f7f995f2b (webtiles) character file.

Game seed: 68995542206485618

2020 qw the Skirmisher (level 9, -1/82 HPs)
             Began as a Naga Hunter on June 17, 2023.
             Succumbed to a killer bee's poison
             ... on level 7 of the Dungeon.
             The game lasted 00:02:20 (5773 turns).

qw the Skirmisher (Naga Hunter)                     Turns: 5773, Time: 00:02:21

Health: -1/82      AC:  8    Str: 20    XL:     9   Next: 23%
Magic:  9/9        EV: 11    Int:  9    God:
Gold:   199        SH:  0    Dex: 19    Spells: 8/8 levels left

rFire   + . .        e - +0 shortbow (heavy)
rCold   . . .        (shield currently unavailable)
rNeg    . . .        c - +0 leather armour
rPois   +            g - +2 helmet
rElec   .            (no cloak)
rCorr   .            f - +0 pair of gloves
SInv    +            (no barding)
Will    +....        (no amulet)
Stlth   ++           a - +6 ring of strength
HPRegen 1.13/turn    (no ring)
MPRegen 0.11/turn

%: clarity
@: lethally poisoned (-1 -> -5), short of breath, very slow
A: AC +3, large, see invisible, deformed body, poison resistance, slowness 2,
spit poison 1, naga tail 1, clarity, fire resistance 1, regeneration 1
a: Spit Poison


You were on level 7 of the Dungeon.
You visited 1 branch of the dungeon, and saw 7 of its levels.

You collected 257 gold pieces.
You spent 58 gold pieces at shops.


Innate Abilities, Weirdness & Mutations

Your serpentine skin is tough. (AC +3)
You have supernaturally acute eyesight. (SInv)
Armour fits poorly on your strangely shaped body.
Your system is resistant to poisons. (rPois)
You cover ground very slowly.
You can spit poison.
You have a snake-like lower body.
You possess an exceptional clarity of mind.
Your flesh is heat resistant. (rF+)
Your natural rate of healing is unusually fast.


   Skills:
 - Level 6.0 Fighting
 + Level 9.6 Ranged Weapons
 - Level 1.3 Armour
 - Level 3.0 Dodging
 - Level 1.5 Stealth


You had 8 spell levels left.
You didn't know any spells.
Your spell library was empty.

Inventory:

Hand Weapons
 e - a +0 heavy shortbow (weapon)
Armour
 c - a +0 leather armour (worn)
 f - a +0 pair of gloves (worn)
 g - a +2 helmet (worn)
Jewellery
 a - a +6 ring of strength (left hand)
Scrolls
 i - 2 scrolls of identify
Potions
 d - 2 potions of mutation
 h - 2 potions of enlightenment

Dungeon Overview and Level Annotations

Branches:
Dungeon (7/15)
 Temple: D:4-7

Altars:

Shops:
D:5 [

Annotations:
D:2 1 runed translucent door, Crazy Yiuf


Message History

You shoot an arrow. The arrow barely misses the killer bee.
You feel very sick. The killer bee barely misses you.
The killer bee stings you but does no damage. x2
The killer bee stings you.
The killer bee stings you but does no damage.
The killer bee misses you.
You shoot an arrow. The arrow hits the killer bee!
You kill the killer bee!
You have got your breath back.
You feel very sick. The killer bee misses you.
The killer bee completely misses you. The killer bee stings you.
5769 ||| INVOKING Spit Poison.
Aiming: Spit Poison (1% risk of failure)
Press: ? - help, Shift-Dir - straight line, f - killer bee The splash of poison hits the killer bee.
The killer bee is lightly wounded.
You feel very sick.
The killer bee stings you but does no damage.
The killer bee closely misses you.
You shoot an arrow. The arrow misses the killer bee.
You feel sick. The killer bee stings you. x2
The killer bee stings you but does no damage.
You shoot an arrow. The arrow hits the killer bee!
The killer bee is severely wounded.
You feel sick.
The killer bee stings you but does no damage. x2
The killer bee misses you.
You shoot an arrow. The arrow misses the killer bee.
You have got your breath back.
You feel sick. The killer bee stings you. The killer bee stings you!
You are lethally poisoned!
The killer bee poisons you! The killer bee stings you.
5773 ||| INVOKING Spit Poison.
Aiming: Spit Poison (1% risk of failure)
Press: ? - help, Shift-Dir - straight line, f/p - killer bee The splash of poison hits the killer bee!!
You kill the killer bee!
You die...

.... .. ... .#
## #.. .#
...#..# .##
..... ..##
...#... #...#
#@# ##.# ##..#
..###...# ##
........## #.#
.###.....####.#
##........#
##....##..#
#....####.###


There were no monsters in sight!

Vanquished Creatures
  Eustachio (D:5)
  2 water moccasins
  An ice beast (D:5)
  2 ogres
  2 phantoms (D:4)
  Blork the orc (D:4)
  A bullfrog (D:6)
  2 scorpions
  3 killer bees (D:7)
  2 howler monkeys (D:6)
  4 hounds
  A jelly (D:5)
  3 orc priests
  A gnoll bouda (D:5)
  Jessica (D:2)
  A sleepcap (D:6)
  Ijyb (D:3)
  4 iguanas
  Natasha (twice) (D:2)
  16 gnolls
  8 adders
  A river rat (D:5)
  A white imp (D:6)
  2 ufetubi
  7 worms
  3 dart slugs
  12 orcs
  7 ball pythons
  9 endoplasms
  A giant cockroach (D:3)
  4 hobgoblins
  4 jackals
  3 quokkas
  5 bats
  5 frilled lizards
  7 goblins
  6 kobolds
  9 rats
145 creatures vanquished.

Notes
Turn   | Place    | Note
-------+----------+-------------------------------------------
     0 | D:1      | qw the Naga Hunter began the quest for the Orb.
     0 | D:1      | Reached XP level 1. HP: 19/19 MP: 1/1
     0 | D:1      | 0 ||| qw: Version: 0.3-a-2-g5ab2908
     0 | D:1      | 0 ||| qw: Game counter: 248
     0 | D:1      | 0 ||| qw: Always use a shield: true
     0 | D:1      | 0 ||| qw: God list: Okawaru
     0 | D:1      | 0 ||| qw: Allow faded altars: false
     0 | D:1      | 0 ||| qw: Do Orc after D:15 true
     0 | D:1      | 0 ||| qw: Do second Lair branch before Depths: true
     0 | D:1      | 0 ||| qw: Lair rune preference: random
     0 | D:1      | 0 ||| qw: Plans: Normal
     0 | D:1      | 0 ||| PLANNING D:1-11
    57 | D:1      | You fall into a shaft and drop 1 floor!
    60 | D:2      | 60 ||| INVOKING Spit Poison.
    63 | D:2      | Reached skill level 4 in Ranged Weapons
    63 | D:2      | Reached XP level 2. HP: 26/26 MP: 2/2
    80 | D:2      | 80 ||| INVOKING Spit Poison.
   102 | D:2      | 102 ||| INVOKING Spit Poison.
   103 | D:2      | Noticed Jessica
   107 | D:2      | 107 ||| INVOKING Spit Poison.
   110 | D:2      | Killed Jessica
   111 | D:2      | Reached XP level 3. HP: 32/32 MP: 3/3
   113 | D:2      | 113 ||| DROPPING scroll of butterflies.
   242 | D:1      | 242 ||| INVOKING Spit Poison.
   249 | D:1      | 249 ||| INVOKING Spit Poison.
   340 | D:1      | 340 ||| INVOKING Spit Poison.
   380 | D:1      | 380 ||| INVOKING Spit Poison.
   386 | D:1      | 386 ||| INVOKING Spit Poison.
   508 | D:1      | 508 ||| INVOKING Spit Poison.
   510 | D:1      | Reached skill level 5 in Ranged Weapons
   510 | D:1      | Reached XP level 4. HP: 39/39 MP: 4/4
   525 | D:1      | 525 ||| INVOKING Spit Poison.
   651 | D:1      | 651 ||| INVOKING Spit Poison.
   908 | D:1      | 908 ||| READING scroll labelled MIDGHI NINI.
   909 | D:1      | 909 ||| READING scroll labelled BEUPOI HOTOKK.
   910 | D:1      | 910 ||| READING scroll labelled PEIPIV JEUQAFE.
   946 | D:2      | 946 ||| INVOKING Spit Poison.
   949 | D:2      | 949 ||| STAIRDANCE
   951 | D:1      | 951 ||| INVOKING Spit Poison.
   952 | D:1      | 952 ||| INVOKING Spit Poison.
   982 | D:2      | 982 ||| STAIRDANCE
   984 | D:1      | 984 ||| INVOKING Spit Poison.
   989 | D:1      | 989 ||| INVOKING Spit Poison.
  1068 | D:2      | 1068 ||| INVOKING Spit Poison.
  1069 | D:2      | 1069 ||| STAIRDANCE
  1106 | D:2      | 1106 ||| INVOKING Spit Poison.
  1108 | D:2      | 1108 ||| STAIRDANCE
  1159 | D:2      | 1159 ||| INVOKING Spit Poison.
  1162 | D:2      | 1162 ||| STAIRDANCE
  1234 | D:2      | 1234 ||| STAIRDANCE
  1236 | D:1      | 1236 ||| INVOKING Spit Poison.
  1240 | D:1      | 1240 ||| INVOKING Spit Poison.
  1244 | D:1      | 1244 ||| INVOKING Spit Poison.
  1328 | D:2      | 1328 ||| INVOKING Spit Poison.
  1330 | D:2      | 1330 ||| STAIRDANCE
  1389 | D:2      | 1389 ||| INVOKING Spit Poison.
  1391 | D:2      | Reached skill level 3 in Fighting
  1395 | D:2      | 1395 ||| STAIRDANCE
  1451 | D:2      | 1451 ||| INVOKING Spit Poison.
  1455 | D:2      | 1455 ||| STAIRDANCE
  1507 | D:2      | 1507 ||| INVOKING Spit Poison.
  1511 | D:2      | 1511 ||| STAIRDANCE
  1532 | D:2      | 1532 ||| INVOKING Spit Poison.
  1540 | D:2      | 1540 ||| INVOKING Spit Poison.
  1549 | D:2      | 1549 ||| INVOKING Spit Poison.
  1570 | D:2      | 1570 ||| INVOKING Spit Poison.
  1572 | D:2      | Reached XP level 5. HP: 49/49 MP: 5/5
  1582 | D:2      | 1582 ||| INVOKING Spit Poison.
  1589 | D:2      | 1589 ||| INVOKING Spit Poison.
  1650 | D:2      | 1650 ||| INVOKING Spit Poison.
  1685 | D:2      | Noticed Natasha
  1687 | D:2      | 1687 ||| INVOKING Spit Poison.
  1688 | D:2      | Killed Natasha
  1692 | D:2      | 1692 ||| INVOKING Spit Poison.
  1699 | D:2      | 1699 ||| INVOKING Spit Poison.
  1702 | D:2      | 1702 ||| INVOKING Spit Poison.
  1708 | D:2      | 1708 ||| INVOKING Spit Poison.
  1711 | D:2      | 1711 ||| INVOKING Spit Poison.
  1852 | D:2      | 1852 ||| INVOKING Spit Poison.
  1873 | D:2      | Found a runed translucent door.
  1874 | D:2      | Noticed Crazy Yiuf
  1958 | D:2      | 1958 ||| INVOKING Spit Poison.
  2010 | D:2      | 2010 ||| INVOKING Spit Poison.
  2022 | D:2      | 2022 ||| INVOKING Spit Poison.
  2028 | D:2      | 2028 ||| INVOKING Spit Poison.
  2032 | D:2      | 2032 ||| INVOKING Spit Poison.
  2038 | D:2      | Reached skill level 6 in Ranged Weapons
  2228 | D:2      | 2228 ||| UPGRADING to +2 helmet.
  2233 | D:2      | 2233 ||| READING scroll labelled IRCHEJ LUTRU.
  2334 | D:2      | 2334 ||| READING scroll labelled FIYNYLOCAR.
  2335 | D:2      | 2335 ||| READING scroll labelled DAUTIBLOICE.
  2336 | D:2      | 2336 ||| READING scroll labelled GODDULIRPHE.
  2339 | D:2      | Noticed Natasha
  2340 | D:2      | 2340 ||| DRINKING 2 lumpy brown potions.
  2340 | D:2      | Gained mutation: Your flesh is heat resistant. (rF+)
                  | [potion of mutation]
  2340 | D:2      | Gained mutation: Your natural rate of healing is unusually
                  | fast. [potion of mutation]
  2340 | D:2      | Gained mutation: You possess an exceptional clarity of
                  | mind. [potion of mutation]
  2345 | D:2      | 2345 ||| INVOKING Spit Poison.
  2350 | D:2      | Killed Natasha
  2351 | D:2      | Reached XP level 6. HP: 39/56 MP: 6/6
  2367 | D:2      | 2367 ||| DRINKING 2 sedimented pink potions.
  2368 | D:2      | 2368 ||| DROPPING potion of degeneration.
  2380 | D:3      | Noticed Ijyb
  2381 | D:3      | 2381 ||| INVOKING Spit Poison.
  2386 | D:3      | 2386 ||| INVOKING Spit Poison.
  2390 | D:3      | Paralysed by Ijyb for 3 turns
  2393 | D:3      | 2393 ||| INVOKING Spit Poison.
  2393 | D:3      | Killed Ijyb
  2411 | D:3      | 2411 ||| INVOKING Spit Poison.
  2423 | D:3      | 2423 ||| INVOKING Spit Poison.
  2429 | D:3      | 2429 ||| INVOKING Spit Poison.
  2499 | D:3      | 2499 ||| INVOKING Spit Poison.
  2523 | D:3      | 2523 ||| INVOKING Spit Poison.
  2543 | D:3      | 2543 ||| INVOKING Spit Poison.
  2615 | D:3      | 2615 ||| INVOKING Spit Poison.
  2619 | D:3      | 2619 ||| INVOKING Spit Poison.
  2652 | D:3      | 2652 ||| INVOKING Spit Poison.
  2659 | D:3      | Identified the staff of cold "Soeficoe" {rPois rC+ rN+}
  2674 | D:3      | 2674 ||| INVOKING Spit Poison.
  2675 | D:3      | 2675 ||| Stepping ~*~*~tactically~*~*~ (outnumbered).
  2680 | D:3      | 2680 ||| INVOKING Spit Poison.
  2684 | D:3      | 2684 ||| INVOKING Spit Poison.
  2685 | D:3      | 2685 ||| INVOKING Spit Poison.
  2692 | D:3      | 2692 ||| INVOKING Spit Poison.
  2813 | D:3      | 2813 ||| INVOKING Spit Poison.
  2855 | D:3      | Identified the +0 falchion "Xeidiul" {drain, *Corrode rPois
                  | rF++ Stlth+}
  2889 | D:3      | 2889 ||| INVOKING Spit Poison.
  3033 | D:3      | 3033 ||| DROPPING +6 ring of intelligence.
  3034 | D:3      | 3034 ||| READING scroll labelled SOME WUTWAU.
  3035 | D:3      | 3035 ||| READING scroll labelled ERCHIA QEATRU.
  3174 | D:4      | 3174 ||| INVOKING Spit Poison.
  3178 | D:4      | 3178 ||| INVOKING Spit Poison.
  3202 | D:4      | Noticed Blork the orc
  3203 | D:4      | 3203 ||| INVOKING Spit Poison.
  3208 | D:4      | 3208 ||| INVOKING Spit Poison.
  3209 | D:4      | Killed Blork the orc
  3285 | D:4      | Reached XP level 7. HP: 49/64 MP: 7/7
  3383 | D:4      | Reached skill level 7 in Ranged Weapons
  3393 | D:4      | 3393 ||| INVOKING Spit Poison.
  3462 | D:4      | 3462 ||| INVOKING Spit Poison.
  3466 | D:4      | 3466 ||| INVOKING Spit Poison.
  3499 | D:4      | 3499 ||| INVOKING Spit Poison.
  3502 | D:4      | 3502 ||| INVOKING Spit Poison.
  3606 | D:4      | 3606 ||| DROPPING ring of flight.
  3607 | D:4      | 3607 ||| READING scroll labelled KOUNESTR RIKATS.
  3608 | D:4      | 3608 ||| DRINKING 2 sapphire potions.
  3609 | D:4      | 3609 ||| READING 2 scrolls of identify.
  3609 | D:4      | 3609 ||| IDENTIFYING sedimented silvery potion
  3610 | D:4      | 3610 ||| DROPPING potion of attraction.
  3629 | D:5      | Entered Level 5 of the Dungeon
  3630 | D:5      | 3630 ||| PLANNING SEWER
  3660 | D:5      | 3660 ||| INVOKING Spit Poison.
  3665 | D:5      | 3665 ||| INVOKING Spit Poison.
  3669 | D:5      | 3669 ||| INVOKING Spit Poison.
  3797 | D:5      | Noticed Eustachio
  3799 | D:5      | 3799 ||| INVOKING Spit Poison.
  3802 | D:5      | 3802 ||| INVOKING Spit Poison.
  3806 | D:5      | 3806 ||| INVOKING Spit Poison.
  3809 | D:5      | 3809 ||| INVOKING Spit Poison.
  3815 | D:5      | 3815 ||| INVOKING Spit Poison.
  3820 | D:5      | 3820 ||| INVOKING Spit Poison.
  3821 | D:5      | Killed Eustachio
  3822 | D:5      | Reached skill level 8 in Ranged Weapons
  3822 | D:5      | Reached XP level 8. HP: 53/72 MP: 8/8
  3903 | D:5      | Found Ysuiveint's Armour Emporium.
  3919 | D:5      | 3919 ||| INVOKING Spit Poison.
  3927 | D:5      | 3927 ||| BUYING +0 pair of gloves (58 gold).
  3927 | D:5      | Bought a +0 pair of gloves for 58 gold pieces
  3941 | D:5      | 3941 ||| Stepping ~*~*~tactically~*~*~ (outnumbered).
  3943 | D:5      | 3943 ||| Stepping ~*~*~tactically~*~*~ (outnumbered).
  3944 | D:5      | 3944 ||| INVOKING Spit Poison.
  3948 | D:5      | 3948 ||| INVOKING Spit Poison.
  3952 | D:5      | 3952 ||| INVOKING Spit Poison.
  3957 | D:5      | 3957 ||| INVOKING Spit Poison.
  3962 | D:5      | 3962 ||| INVOKING Spit Poison.
  3965 | D:5      | 3965 ||| INVOKING Spit Poison.
  3966 | D:5      | HP: 17/73 [gnoll/+0 halberd[a gnoll bouda] (8)]
  3967 | D:5      | 3967 ||| READING scroll of teleportation.
  3968 | D:5      | 3968 ||| DRINKING potion of heal wounds.
  3969 | D:5      | 3969 ||| INVOKING Spit Poison.
  4093 | D:5      | 4093 ||| RIP SEWER
  4101 | D:5      | 4101 ||| PLANNING D:1-11
  4194 | D:5      | 4194 ||| INVOKING Spit Poison.
  4197 | D:5      | 4197 ||| INVOKING Spit Poison.
  4250 | D:5      | 4250 ||| INVOKING Spit Poison.
  4288 | D:5      | 4288 ||| INVOKING Spit Poison.
  4303 | D:5      | 4303 ||| INVOKING Spit Poison.
  4315 | D:5      | 4315 ||| INVOKING Spit Poison.
  4401 | D:5      | 4401 ||| INVOKING Spit Poison.
  4404 | D:5      | 4404 ||| INVOKING Spit Poison.
  4515 | D:5      | 4515 ||| UPGRADING to +0 pair of gloves.
  4520 | D:5      | 4520 ||| READING 4 scrolls of identify.
  4520 | D:5      | 4520 ||| IDENTIFYING amethyst potion
  4577 | D:6      | 4577 ||| INVOKING Spit Poison.
  4581 | D:6      | Reached skill level 1 in Armour
  4624 | D:6      | Identified the orb "Etes" {*channel, Will+ SInv}
  4721 | D:6      | Reached skill level 9 in Ranged Weapons
  4761 | D:6      | 4761 ||| INVOKING Spit Poison.
  4767 | D:6      | 4767 ||| INVOKING Spit Poison.
  4771 | D:6      | 4771 ||| INVOKING Spit Poison.
  4801 | D:6      | 4801 ||| INVOKING Spit Poison.
  4831 | D:6      | 4831 ||| INVOKING Spit Poison.
  4862 | D:6      | 4862 ||| INVOKING Spit Poison.
  4938 | D:6      | 4938 ||| INVOKING Spit Poison.
  4942 | D:6      | Reached skill level 6 in Fighting
  4942 | D:6      | Reached XP level 9. HP: 82/82 MP: 9/9
  4943 | D:6      | 4943 ||| INVOKING Spit Poison.
  4992 | D:6      | 4992 ||| INVOKING Spit Poison.
  5187 | D:6      | 5187 ||| INVOKING Spit Poison.
  5191 | D:6      | 5191 ||| INVOKING Spit Poison.
  5192 | D:6      | Reached skill level 3 in Dodging
  5203 | D:6      | 5203 ||| INVOKING Spit Poison.
  5569 | D:6      | 5569 ||| UPGRADING to +6 ring of strength.
  5570 | D:6      | 5570 ||| READING 3 scrolls of identify.
  5570 | D:6      | 5570 ||| IDENTIFYING smoky silvery potion
  5571 | D:6      | 5571 ||| DROPPING potion of lignification.
  5670 | D:7      | 5670 ||| INVOKING Spit Poison.
  5711 | D:7      | 5711 ||| INVOKING Spit Poison.
  5759 | D:7      | 5759 ||| INVOKING Spit Poison.
  5764 | D:7      | 5764 ||| INVOKING Spit Poison.
  5769 | D:7      | 5769 ||| INVOKING Spit Poison.
  5770 | D:7      | HP: 20/82 [killer bee (1)]
  5772 | D:7      | HP: 4/82 [killer bee (8)]
  5772 | D:7      | HP: 1/82 [killer bee (3)]
  5773 | D:7      | 5773 ||| INVOKING Spit Poison.
  5773 | D:7      | Succumbed to a killer bee's poison

Levels and vault maps discovered:
D:1:      amcnicky_arrival_double_pillar, layout_basic, minmay_liquid_box,
          minmay_pentomino_r2
D:2:      layout_rooms, minmay_unequal, uniq_jessica, uniq_natasha,
          uniq_crazy_yiuf_cottage
D:3:      layout_loops_cross, uniq_ijyb
D:4:      layout_basic, nicolae_underground_beach, uniq_blork_the_orc
D:5:      layout_cave_pods, portal_sewer_entry_e, serial_shops, shop,
          uniq_eustachio
D:6:      nicolae_cairo_tiling_large, layout_loops_corners,
          hangedman_decor_clover_reticule, nrook_mini_vaults
D:7:      layout_layer_cave, mainiacjoe_overflow_boulevard, temple_fountains,
          gammafunk_ghost_smash

Skill      XL: |  1  2  3  4  5  6  7  8  9 |
---------------+----------------------------+-----
Ranged Weapons | 4 5 6 8 9 |  9.6
Fighting       | 3 4 6 |  6.0
Dodging        | 2 3 |  3.0
Armour         | 1 |  1.3
Stealth        | |  1.5

Action                     |  1- 3 |  4- 6 |  7- 9 || total
---------------------------+-------+-------+-------++-------
   Fire: Shortbow          |    31 |   189 |   184 ||   404
Ability: Spit Poison       |    10 |    58 |    49 ||   117
    Use: Scroll            |       |     9 |     5 ||    14
         Potion            |       |     2 |     2 ||     4
 Armour: Leather armour    |     1 |    31 |    98 ||   130
  Dodge: Dodged            |     3 |    70 |   106 ||   179

Table legend:
 A = Non-vault XP
 B = Vault XP
 C = Vault XP percentage of total XP
 D = Non-vault monster count
 E = Vault monster count
 F = Vault count percentage of total count
                 A         B        C        D         E       F
            +---------+---------+-------+---------+---------+-------
      Total |    2493 |     455 |  15.4 |     127 |      18 |  12.4
            +---------+---------+-------+---------+---------+-------
        D:1 |      58 |       1 |   1.7 |      18 |       1 |   5.3
        D:2 |     201 |      83 |  29.2 |      26 |       6 |  18.8
        D:3 |      73 |      36 |  33.0 |      19 |       1 |   5.0
        D:4 |     336 |      96 |  22.2 |      19 |       1 |   5.0
        D:5 |     738 |     239 |  24.5 |      17 |       9 |  34.6
        D:6 |     781 |       0 |   0.0 |      22 |       0 |   0.0
        D:7 |     306 |       0 |   0.0 |       6 |       0 |   0.0
            +---------+---------+-------+---------+---------+-------
